 Dungeon Crawl Stone Soup version 0.30-a0-726-gd89dcf765f (webtiles) character file.

Game seed: 6570185635174867468

82 scionoferis the Vexing (level 4, -3/34 HPs)
             Began as a Demigod Hexslinger on Jan 29, 2023.
             Slain by a gnoll
             ... wielding a +0 spear
              (7 damage)
             ... on level 2 of the Dungeon.
             The game lasted 00:03:43 (1133 turns).

scionoferis the Vexing (Demigod Hexslinger)         Turns: 1133, Time: 00:03:43

Health: -3/34      AC:  3    Str: 11    XL:     4   Next: 1%
Magic:  8/8        EV: 13    Int: 15    God:
Gold:   30         SH:  0    Dex: 18    Spells: 4/5 levels left

rFire   . . .      SeeInvis .    a - +2 dagger (venom)
rCold   . . .      Faith    .    (no shield)
rNeg    . . .      Spirit   .    c - +0 robe
rPois   .          Reflect  .    i - +0 helmet
rElec   .          Harm     .    (no cloak)
rCorr   .          Rampage  .    (no gloves)
Will    .....                    (no boots)
Stlth   ++                       (no amulet)
HPRegen 0.25/turn                (no ring)
MPRegen 0.11/turn                (no ring)

@: lethally poisoned (-3 -> -29)
A: high MP 1, forlorn, divine attributes
a: no special abilities


You were on level 2 of the Dungeon.
You visited 1 branch of the dungeon, and saw 2 of its levels.

You collected 30 gold pieces.


Innate Abilities, Weirdness & Mutations

You have an increased reservoir of magic. (+10% MP)
You shall have no god before yourself.
Your divine heritage dramatically boosts your attributes as you level up.


   Skills:
 - Level 0.8 Fighting
 * Level 1.5 Short Blades
 - Level 2.5 Ranged Weapons
 + Level 2.5 Dodging
 + Level 1.6 Stealth
 - Level 1.0 Spellcasting
 - Level 2.6 Hexes


You had 4 spell levels left.
You knew the following spells:

 Your Spells              Type           Power      Damage    Failure   Level
a - Slow                  Hex            32%        N/A       9%          1

Your spell library contained the following spells:

 Spells                   Type           Power      Damage    Failure   Level
 Inner Flame              Hex/Fire       4%         N/A       38%         3
 Portal Projectile        Hex/Tloc       8%         N/A       38%         3
 Cause Fear               Hex            4%         N/A       63%         4

Inventory:

Hand Weapons
 a - a +2 dagger of venom (weapon)
   (You took it off a goblin on level 2 of the Dungeon)
 b - a +1 sling
 g - a +0 dagger of speed
   (You took it off a goblin on level 2 of the Dungeon)
 h - a +0 dagger of pain
   (You took it off a goblin on level 2 of the Dungeon)
Armour
 c - a +0 robe (worn)
 i - a +0 helmet (worn)
   (You took it off Robin on level 2 of the Dungeon)
Scrolls
 e - a scroll of vulnerability {unknown}
 f - a scroll of poison

Dungeon Overview and Level Annotations

Branches:
Dungeon (2/15)

###...)..#
#........##
......†...#
.⌠........##
.....⌠.....#
#........⌠.##
#.........gg#
##........#)#
#..⌠...###@#
##...###...## ..
#.###...⌠..# #..
###........##
#.. ..........#
#.# .⌠........##
#.# .....⌠..†..#
#.#
#†.......⌠.###.#
#.........†....#
.


You could see 2 gnolls.


Message History

Welcome, scionoferis the Demigod Hexslinger.
They say the Orb of Zot lies within this dungeon, but they say a lot of things.
Press ? for a list of commands and other information.
Found a staircase leading out of the dungeon.
As you open the door, it creaks loudly!
You open the door. You open the door. As you open the door, it creaks loudly!
There is an open door here.
As you open the door, it creaks loudly!
There is an open door here.
As you open the door, it creaks loudly!
Found a ruby potion.
Found an escape hatch in the floor.
There is an open door here.
A frilled lizard comes into view.
You shoot a sling bullet.
The sling bullet closely misses the frilled lizard.
You shoot a sling bullet.
The sling bullet barely misses the frilled lizard.
You shoot a sling bullet.
The sling bullet barely misses the frilled lizard.
You shoot a sling bullet.
The sling bullet hits the frilled lizard.
You kill the frilled lizard!
No target in view!
No target in view!
d - a ruby potion
Found a mace.
Found a stone staircase leading down.
A quokka and a kobold come into view.
Found a scroll labelled QAMICH VEQU.
The kobold shouts!
The kobold throws a stone.
The stone hits you.
You shoot a sling bullet. The sling bullet hits the kobold.
You kill the kobold!
No target in view!
No target in view!
A quokka is nearby!
Unknown command.
You shoot a sling bullet.
The sling bullet closely misses the quokka.
The quokka twitches its whiskers.
You shoot a sling bullet.
The sling bullet hits the quokka but does no damage.
The quokka barely misses you.
You shoot a sling bullet.
The sling bullet closely misses the quokka.
The quokka barely misses you.
You shoot a sling bullet. The sling bullet hits the quokka.
The quokka is almost dead.
The quokka barely misses you. x2
You shoot a sling bullet. The sling bullet hits the quokka.
You kill the quokka!
No target in view!
No target in view!
No target in view!
e - a scroll labelled QAMICH VEQU
Found a stone staircase leading down.
A hobgoblin comes into view.
You shoot a sling bullet. The sling bullet hits the hobgoblin.
You kill the hobgoblin!
Your Ranged Weapons skill increases to level 2!
No target in view!
No target in view!
You see here a hobgoblin corpse.
You now have 5 gold pieces.
A quokka comes into view.
A quokka is nearby!
You shoot a sling bullet.
The sling bullet closely misses the quokka.
The quokka barely misses you.
You shoot a sling bullet.
The sling bullet barely misses the quokka.
The quokka bites you. The quokka misses you.
You shoot a sling bullet.
The sling bullet completely misses the quokka.
The quokka barely misses you.
You shoot a sling bullet.
The sling bullet closely misses the quokka.
The quokka bites you. x2
You are too injured to fight recklessly!
You are too injured to fight recklessly!
You are too injured to fight recklessly!
You are too injured to fight recklessly!
You are too injured to fight recklessly!
You are too injured to fight recklessly!
Aiming: Slow (safe; 9% risk of failure)
Press: ? - help, Q - select action, (/) - cycle Shift-Dir - straight line, f/p - quokka
Aim: a quokka (chance to affect: 59%)
The quokka resists with significant effort.
The quokka barely misses you.
Fire: a) +1 sling
Press: ? - help, Q - select action, (/) - cycle Shift-Dir - straight line, f/p - quokka
Aim: a quokka (46% to hit)
You shoot a sling bullet. The sling bullet hits the quokka.
You kill the quokka!
Fire: a) +1 sling
Press: ? - help, Q - select action, (/) - cycle Shift-Dir - straight line, f - you
Okay, then.
Magic restored.
HP restored.
You see here a quokka corpse.
Found a scale mail.
You see here a +0 scale mail.
Found 4 stones.
You now have 10 gold pieces (gained 5).
You see here 4 stones.
A rat comes into view.
You shoot a sling bullet. The sling bullet hits the rat.
You kill the rat!
No target in view!
No target in view!
A kobold and a goblin come into view.
You shoot a sling bullet. The sling bullet hits the kobold.
You kill the kobold!
The goblin shouts!
Your Dodging skill increases to level 2!
You shoot a sling bullet.
The sling bullet closely misses the goblin.
You shoot a sling bullet.
The sling bullet barely misses the goblin.
You shoot a sling bullet. The sling bullet hits the goblin.
You kill the goblin!
No target in view!
No target in view!
A ball python comes into view.
The ball python moves out of view.
A hobgoblin and an endoplasm come into view.
You shoot a sling bullet. The sling bullet hits the endoplasm.
The endoplasm quivers.
The endoplasm is almost dead.
You hear an angry hiss.
A frilled lizard comes into view.
You shoot a sling bullet.
The sling bullet barely misses the endoplasm.
You shoot a sling bullet. The sling bullet hits the endoplasm.
You kill the endoplasm!
You have reached level 2!
You shoot a sling bullet.
The sling bullet hits the frilled lizard.
You kill the frilled lizard!
You shoot a sling bullet.
The sling bullet barely misses the hobgoblin.
A rat comes into view.
You shoot a sling bullet.
The sling bullet hits the hobgoblin but does no damage.
The hobgoblin hits you. The hobgoblin misses you.
You shoot a sling bullet.
The sling bullet barely misses the hobgoblin.
The hobgoblin hits you.
The rat twitches its whiskers.
You shoot a sling bullet.
The sling bullet closely misses the hobgoblin.
The rat bites you but does no damage. The hobgoblin hits you.
You shoot a sling bullet.
The sling bullet barely misses the hobgoblin.
The rat closely misses you.
The hobgoblin hits you but does no damage.
You shoot a sling bullet. The sling bullet hits the hobgoblin.
The hobgoblin is heavily wounded.
The rat bites you. The hobgoblin closely misses you. The hobgoblin misses you.
The rat closely misses you.
You shoot a sling bullet.
The sling bullet closely misses the hobgoblin.
The hobgoblin hits you. The rat closely misses you.
You shoot a sling bullet.
The sling bullet barely misses the hobgoblin.
The rat closely misses you. The hobgoblin barely misses you.
The hobgoblin attacks as you move away! The hobgoblin hits you.
You are too injured to fight recklessly!
You are too injured to fight recklessly!
You are too injured to fight recklessly!
You are too injured to fight recklessly!
Fire: a) +1 sling
Press: ? - help, Q - select action, (/) - cycle Shift-Dir - straight line, f/p - hobgoblin
Aim: a hobgoblin (heavily wounded, 57% to hit)
You shoot a sling bullet. The sling bullet hits the rat.
You kill the rat!
Fire: a) +1 sling
Press: ? - help, Q - select action, (/) - cycle Shift-Dir - straight line, f/p - hobgoblin
Aim: a hobgoblin (heavily wounded, 57% to hit)
You shoot a sling bullet. The sling bullet hits the hobgoblin.
You kill the hobgoblin!
You start resting.
HP restored.
Things that are here:
a hobgoblin corpse; a rat corpse You see here a frilled lizard corpse.
A goblin comes into view. It is wielding a +0 club.
The goblin shouts!
You shoot a sling bullet. The sling bullet hits the goblin.
You kill the goblin!
No target in view!
No target in view!
You now have 15 gold pieces (gained 5).
You now have 30 gold pieces (gained 15).
A rat comes into view.
You shoot a sling bullet. The sling bullet hits the rat.
You kill the rat!
No target in view!
No target in view!
A goblin comes into view. It is wielding a +0 club.
The goblin shouts!
You shoot a sling bullet. The sling bullet hits the goblin.
The goblin is almost dead.
The goblin barely misses you. x2
You shoot a sling bullet.
The sling bullet barely misses the goblin.
The goblin hits you with a +0 club.
You shoot a sling bullet. The sling bullet hits the goblin!
You kill the goblin!
No target in view!
No target in view!
Things that are here:
a +0 club; a goblin corpse A rat comes into view.
You shoot a sling bullet. The sling bullet hits the rat.
You kill the rat!
No target in view!
No target in view!
An endoplasm comes into view.
You shoot a sling bullet.
The sling bullet completely misses the endoplasm.
The endoplasm quivers.
You shoot a sling bullet. The sling bullet hits the endoplasm.
The endoplasm is severely wounded.
The endoplasm barely misses you.
You shoot a sling bullet.
The sling bullet hits the endoplasm but does no damage.
The endoplasm is severely wounded.
The endoplasm barely misses you.
You shoot a sling bullet. The sling bullet hits the endoplasm.
You kill the endoplasm!
No target in view!
Found a dagger.
An endoplasm comes into view.
You shoot a sling bullet. The sling bullet hits the endoplasm.
The endoplasm quivers.
The endoplasm is heavily wounded.
You shoot a sling bullet.
The sling bullet hits the endoplasm but does no damage.
The endoplasm is heavily wounded.
You shoot a sling bullet. The sling bullet hits the endoplasm.
The endoplasm is severely wounded.
The endoplasm jiggles.
You shoot a sling bullet. The sling bullet hits the endoplasm.
You kill the endoplasm!
Your Stealth skill increases to level 1!
No target in view!
No target in view!
As you open the door, it creaks loudly!
Things that are here:
a +0 club; a goblin corpse A ball python comes into view.
You shoot a sling bullet. The sling bullet hits the ball python.
You kill the ball python!
No target in view!
No target in view!
Things that are here:
a +0 club; a goblin skeleton
Things that are here:
a +0 whip; 5 stones; a kobold skeleton
Things that are here:
a +0 club; a goblin skeleton
Found a stone staircase leading down.
There is a stone staircase leading down here.
A ball python is nearby!
You shoot a sling bullet.
The sling bullet closely misses the ball python.
The ball python hisses angrily.
A goblin comes into view. It is wielding a +0 dagger.
You shoot a sling bullet. The goblin shouts!
The sling bullet hits the ball python.
You kill the ball python!
You shoot a sling bullet. The sling bullet hits the goblin!
You kill the goblin!
No target in view!
No target in view!
Things that are here:
a +0 club; 3 stones
There is an open door here.
You open the door.
There is an open door here.
There is an open door here.
Done exploring.
Done exploring.
There is an open door here.
There is an open door here.
There is an open door here.
There is a stone staircase leading down here.
Search for what [? for help]? d: Unknown command.
You climb downwards.
Found 5 stones.
There is a stone staircase leading up here.
You see here 5 stones.
Found a faded altar of an unknown god. 3 goblins come into view.
A goblin is wielding a +2 dagger of venom.
The goblin shouts! x3; You hear a shout! x2
A goblin comes into view. It is wielding a +0 club.
A goblin comes into view. It is wielding a +0 dagger.
The goblin shouts!
You hear a shout! x2
You shoot a sling bullet.
The sling bullet barely misses the goblin.
The sling bullet hits the goblin.
You kill the goblin!
You shoot a sling bullet.
The sling bullet closely misses the goblin.
The sling bullet hits the goblin!
You kill the goblin!
You shoot a sling bullet.
The sling bullet completely misses the goblin.
The goblin barely misses you.
You shoot a sling bullet.
The sling bullet barely misses the goblin.
The goblin barely misses you. The goblin misses you.
You shoot a sling bullet.
The sling bullet closely misses the goblin.
The goblin hits you with a +0 dagger.
You shoot a sling bullet.
The sling bullet closely misses the goblin.
The goblin hits you with a +0 dagger.
You shoot a sling bullet.
The sling bullet barely misses the goblin.
The goblin barely misses you. The goblin misses you.
You shoot a sling bullet. The sling bullet hits the goblin.
You kill the goblin!
No target in view!
You see here a +0 dagger.
Things that are here:
a +2 dagger of venom; a goblin corpse
f - a +2 dagger of venom Fire: a) +1 sling
Press: ? - help, Q - select action, (/) - cycle Shift-Dir - straight line, f - you
Okay, then.
Unknown command.
Adjust to which letter? (? for menu, Esc to quit)
a - a +2 dagger of venom;
f - a +1 sling (weapon)
Adjust to which letter? (? for menu, Esc to quit)
b - a +1 sling (weapon);
f - a scroll of poison Your +2 dagger of venom begins to drip with poison!
a - a +2 dagger of venom (weapon)
Unknown command.
Your +2 dagger of venom stops dripping with poison.
b - a +1 sling (weapon)
HP restored.
You see here a goblin corpse.
Things that are here:
a +0 dagger; a goblin corpse A hobgoblin comes into view.
The hobgoblin is caught in a web!
You shoot a sling bullet. The sling bullet hits the hobgoblin.
You kill the hobgoblin!
A worm comes into view.
You shoot a sling bullet.
The sling bullet barely misses the worm.
You shoot a sling bullet. The sling bullet hits the worm.
The worm is moderately wounded.
You shoot a sling bullet.
The sling bullet barely misses the worm.
No target in view!
You shoot a sling bullet.
The sling bullet barely misses the worm.
You shoot a sling bullet. The sling bullet hits the worm.
The worm is moderately wounded.
Your +2 dagger of venom begins to drip with poison!
a - a +2 dagger of venom (weapon)
You completely miss the worm. Your punch misses the worm.
The worm is lightly wounded.
The worm closely misses you.
You hit the worm but do no damage.
The worm is lightly wounded.
You hit the worm.
The worm is moderately wounded.
The worm closely misses you.
You hit the worm.
The worm is moderately wounded.
You hit the worm.
The worm is poisoned.
The worm is heavily wounded.
The worm closely misses you.
You barely miss the worm.
The worm is moderately wounded.
The worm bites you.
You hit the worm but do no damage.
The worm looks as sick as possible!
The worm is moderately wounded.
You hit the worm.
The worm looks as sick as possible!
The worm is severely wounded.
The worm bites you.
You completely miss the worm.
The worm is severely wounded.
You hit the worm.
You kill the worm!
You have reached level 3!
Your experience leads to a dramatic increase in your attributes!
Increase (S)trength, (I)ntelligence, or (D)exterity?
You feel agile. x4
Your +2 dagger of venom stops dripping with poison.
b - a +1 sling (weapon)
You start resting.
A goblin is nearby!
You shoot a sling bullet. The goblin shouts!
The sling bullet hits the goblin!
You kill the goblin!
You hear a shout! x2
You start resting.
HP restored.
Robin, 2 goblins and a hobgoblin come into view.
A goblin is wielding a +0 dagger of pain.
Robin shouts!
The goblin shouts! x2; The hobgoblin shouts!
You hear a shout! x2
A goblin comes into view. It is wielding a +0 dagger of speed.
Robin moves out of view.
The goblin moves out of view.
The goblin shouts!
Things that are here:
a +0 dagger; a goblin corpse You shoot a sling bullet.
The sling bullet hits the goblin.
You kill the goblin!
A goblin is nearby!
You shoot a sling bullet.
The sling bullet closely misses the goblin.
You shoot a sling bullet. The sling bullet hits the goblin!
You kill the goblin!
You shoot a sling bullet.
The sling bullet barely misses the goblin.
You shoot a sling bullet.
The sling bullet closely misses the goblin.
You shoot a sling bullet. The sling bullet misses the goblin.
The goblin hits you with a +0 club. The goblin closely misses you.
You shoot a sling bullet.
The sling bullet closely misses the goblin.
The goblin barely misses you.
You shoot a sling bullet.
The sling bullet closely misses the goblin.
The goblin hits you with a +0 club.
You shoot a sling bullet. The sling bullet hits the goblin.
You kill the goblin!
You see here a +0 club.
Things that are here:
a +0 dagger of speed; a goblin corpse
g - a +0 dagger of speed
Things that are here:
a +0 dagger; a goblin corpse The goblin shouts!
You hear a shout!
Robin's horned helmet rattles.
Robin throws the goblin at you! The goblin attacks as you move away!
The goblin closely misses you.
Robin roars a battlecry!
The goblin goes into a battle-frenzy!
Press: ? - help, v - describe, . - travel
Here: a goblin, wielding a +0 dagger of pain (strong)
The floor.
Unknown command.
Your +2 dagger of venom begins to drip with poison!
a - a +2 dagger of venom (weapon)
The goblin completely misses you.
You barely miss the goblin.
The goblin hits you with a +0 dagger of pain.
You closely miss the goblin. The goblin closely misses you.
Robin throws the goblin at you!
You closely miss the goblin. The goblin barely misses you.
You hit the goblin.
You kill the goblin!
Robin closely misses you.
You hit Robin.
Robin is moderately wounded.
Robin barely misses you.
You barely miss Robin.
Robin is moderately wounded.
Robin barely misses you.
You hit Robin but do no damage.
Robin is poisoned.
Robin is moderately wounded.
Robin hits you with a +0 mace.
You hit Robin.
Robin is heavily wounded.
Robin hits you with a +0 mace.
You hit Robin.
Robin looks as sick as possible!
Robin is heavily wounded.
Robin barely misses you.
You closely miss Robin.
Robin is heavily wounded.
Robin hits you with a +0 mace.
You hit Robin.
Robin looks as sick as possible!
Robin is almost dead.
You kill Robin!
Things that are here:
a +0 dagger of pain; a goblin corpse
Things that are here:
a +0 dagger; a goblin corpse The hobgoblin no longer looks unusually strong.
You see here a goblin corpse.
You see here a +0 club.
Things that are here:
a +0 dagger; a goblin corpse You see here a goblin corpse.
You see here a +0 dagger.
You hit the hobgoblin.
You kill the hobgoblin!
You see here a +0 dagger.
Your +2 dagger of venom stops dripping with poison.
b - a +1 sling (weapon)
You see here a goblin skeleton.
Things that are here:
a +0 dagger; a goblin skeleton You see here a +0 club.
You see here a goblin corpse.
Things that are here:
a +0 dagger; a goblin corpse
Things that are here:
a +0 dagger of pain; a goblin corpse
h - a +0 dagger of pain
Items here: ) [[ †.
i - a +0 helmet You start putting on your armour.
You continue putting on your +0 helmet. x4
You finish putting on your +0 helmet.
Found a stone staircase leading down.
An adder comes into view.
You shoot a sling bullet. The sling bullet hits the adder.
The adder is severely wounded.
You shoot a sling bullet. The sling bullet hits the adder!
You kill the adder!
Your Short Blades skill increases to level 1!
A bat comes into view.
You shoot a sling bullet.
The sling bullet hits the bat but does no damage.
You shoot a sling bullet. The sling bullet hits the bat.
You kill the bat!
A ball python comes into view.
You shoot a sling bullet. The sling bullet hits the ball python!
You kill the ball python!
No target in view!
No target in view!
You see here a bat corpse.
An adder comes into view.
You shoot a sling bullet.
The sling bullet hits the adder but does no damage.
The adder hisses angrily.
You hear a bark!
You shoot a sling bullet.
The sling bullet barely misses the adder.
A jackal comes into view.
You shoot a sling bullet.
The sling bullet closely misses the adder.
The sling bullet hits the jackal.
You kill the jackal!
You shoot a sling bullet. The sling bullet hits the adder!
The adder is severely wounded.
The adder closely misses you.
You shoot a sling bullet. The sling bullet hits the adder.
You kill the adder!
No target in view!
You open the door.
A ball python comes into view.
You shoot a sling bullet. The sling bullet hits the ball python.
You kill the ball python!
No target in view!
No target in view!
There is an open door here.
A kobold comes into view. It is wielding a +0 short sword.
You shoot a sling bullet. The sling bullet hits the kobold.
The kobold shouts!
The kobold is severely wounded.
You shoot a sling bullet. The sling bullet hits the kobold.
You kill the kobold!
A ball python comes into view.
The ball python hisses angrily.
The ball python moves out of view.
A dart slug comes into view.
You shoot a sling bullet. The sling bullet hits the dart slug.
The dart slug is moderately wounded.
You shoot a sling bullet. The sling bullet hits the dart slug!
You kill the dart slug!
No target in view!
Found an escape hatch in the floor.
No target in view!
A worm comes into view.
There are monsters nearby!
You shoot a sling bullet.
The sling bullet closely misses the ball python.
The ball python barely misses you. x2
Your +2 dagger of venom begins to drip with poison!
a - a +2 dagger of venom (weapon)
The ball python barely misses you. The ball python grabs you.
The ball python constricts you.
You hit the ball python but do no damage.
The ball python is poisoned.
The ball python bites you. The ball python constricts you.
You hit the ball python.
You kill the ball python!
Your +2 dagger of venom stops dripping with poison.
b - a +1 sling (weapon)
You shoot a sling bullet. The sling bullet hits the worm.
The worm is moderately wounded.
You shoot a sling bullet. The sling bullet hits the worm.
The worm is heavily wounded.
You shoot a sling bullet. The sling bullet hits the worm.
The worm is severely wounded.
You shoot a sling bullet. The sling bullet hits the worm!
You kill the worm!
You have reached level 4!
A gnoll comes into view. It is wielding a +2 whip of venom.
You shoot a sling bullet. The sling bullet hits the gnoll.
The gnoll shouts!
The gnoll is lightly wounded.
You hear a shout!
A gnoll comes into view. It is wielding a +0 halberd.
A gnoll comes into view. It is wielding a +0 spear.
The gnoll shouts!
There is an open door here.
Fire: b) +1 sling
Press: ? - help, Q - select action, (/) - cycle Shift-Dir - straight line, f - gnoll, p - gnoll
Aim: a gnoll, wielding a +0 halberd (64% to hit)
You shoot a sling bullet. The sling bullet hits the gnoll.
The gnoll is heavily wounded.
Fire: b) +1 sling
Press: ? - help, Q - select action, (/) - cycle Shift-Dir - straight line, f/p - gnoll
Aim: a gnoll, wielding a +0 halberd (64% to hit)
You shoot a sling bullet.
The sling bullet closely misses the gnoll.
The sling bullet hits the gnoll.
The gnoll is lightly wounded.
Fire: b) +1 sling
Press: ? - help, Q - select action, (/) - cycle Shift-Dir - straight line, f/p - gnoll
Aim: a gnoll, wielding a +0 halberd (lightly wounded, 64% to hit)
You shoot a sling bullet.
The sling bullet barely misses the gnoll.
The sling bullet closely misses the gnoll.
Your +2 dagger of venom begins to drip with poison!
a - a +2 dagger of venom (weapon)
You hit the gnoll.
The gnoll is heavily wounded.
The gnoll hits you with a +2 whip of venom.
You are poisoned.
You hit the gnoll but do no damage.
The gnoll is heavily wounded.
You feel sick.
The gnoll hits you from afar with a +0 halberd!
The gnoll hits you with a +2 whip of venom.
You are lethally poisoned!
* * * LOW HITPOINT WARNING * * *
You feel very sick.
It was a potion of heal wounds.
You feel much better.
You feel very sick. The gnoll barely misses you.
You barely miss the gnoll.
The gnoll is heavily wounded.
You feel sick.
The gnoll hits you with a +2 whip of venom.
You are more poisoned.
You hit the gnoll.
The gnoll is poisoned.
The gnoll is severely wounded.
You feel very sick. The gnoll barely misses you.
The gnoll hits you from afar with a +0 spear.
The gnoll hits you with a +2 whip of venom!
You are more poisoned.
You hit the gnoll.
The gnoll looks as sick as possible!
The gnoll is almost dead.
* * * LOW HITPOINT WARNING * * *
You feel extremely sick.
You kill the gnoll!
The gnoll hits you from afar with a +0 spear!
You die...

Skill      XL: |  1  2  3 |
---------------+----------+-----
Ranged Weapons | 2 |  2.5
Dodging        | 2 |  2.5
Stealth        | 1 |  1.6
Short Blades   | 1 |  1.5
Fighting       | |  0.8
Spellcasting   | |  1.0
Hexes          | |  2.6

Action                     |  1- 3 |  4- 6 || total
---------------------------+-------+-------++-------
  Melee: Dagger            |    24 |     5 ||    29
   Fire: Sling             |    97 |     4 ||   101
   Cast: Slow              |     1 |       ||     1
    Use: Potion            |       |     1 ||     1
 Armour: Robe              |     2 |       ||     2
  Dodge: Dodged            |    42 |     2 ||    44

Levels and vault maps discovered:
D:1:      minmay_arrival_doors, layout_loops_ring
D:2:      minmay_skewed_foursquare, layout_basic, ebering_ecumenical_altar_webs,
          uniq_robin, uniq_terence

Notes
Turn   | Place    | Note
-------+----------+-------------------------------------------
     0 | D:1      | scionoferis the Demigod Hexslinger began the quest for the
                  | Orb.
     0 | D:1      | Reached XP level 1. HP: 15/15 MP: 4/4
    77 | D:1      | Reached skill level 2 in Ranged Weapons
   206 | D:1      | Reached skill level 2 in Dodging
   245 | D:1      | Reached XP level 2. HP: 22/22 MP: 5/5
   417 | D:1      | Reached skill level 1 in Stealth
   846 | D:2      | Reached XP level 3. HP: 17/27 MP: 6/6
   891 | D:2      | Noticed Robin
   961 | D:2      | Killed Robin
  1037 | D:2      | Reached skill level 1 in Short Blades
  1097 | D:2      | Reached XP level 4. HP: 31/34 MP: 8/8
  1133 | D:2      | Slain by a gnoll

Vanquished Creatures
  Robin (D:2)
  A gnoll (D:2)
  2 adders (D:2)
  2 worms (D:2)
  A dart slug (D:2)
  5 ball pythons (D:1 D:2)
  3 endoplasms (D:1)
  12 goblins (D:1 D:2)
  4 hobgoblins (D:1 D:2)
  A jackal (D:2)
  3 kobolds (D:1 D:2)
  2 quokkas (D:1)
  A bat (D:2)
  2 frilled lizards (D:1)
  4 rats (D:1)
44 creatures vanquished.

Table legend: (Time is in decaauts)
 A = Elapsed time spent in this place.
 B = Non-inter-level travel time spent in this place.
 C = Inter-level travel time spent in this place.
 D = Time resting spent in this place.
 E = Time spent auto-exploring this place.
 F = Levels seen in this place.
 G = Mean time per level.
                   A        B        C        D        E       F      G
               +--------+--------+--------+--------+--------+-----+--------+
         Total |   1156 |   1137 |     19 |     83 |    725 |   2 |  578.0 |
       Dungeon |   1156 |   1137 |     19 |     83 |    725 |   2 |  578.0 |
               +--------+--------+--------+--------+--------+-----+--------+

Top non-repeatable levels by time:
     D:1: 742 daAuts
     D:2: 414 daAuts

Table legend:
 A = Non-vault XP
 B = Vault XP
 C = Vault XP percentage of total XP
 D = Non-vault monster count
 E = Vault monster count
 F = Vault count percentage of total count
                 A         B        C        D         E       F
            +---------+---------+-------+---------+---------+-------
      Total |      89 |      44 |  33.1 |      29 |      15 |  34.1
            +---------+---------+-------+---------+---------+-------
        D:1 |      35 |       0 |   0.0 |      21 |       0 |   0.0
        D:2 |      54 |      44 |  44.9 |       8 |      15 |  65.2
            +---------+---------+-------+---------+---------+-------
